[Event "*** Titled Tuesday 3|2 Blitz"]
[Site "Chess.com"]
[Date "2017.05.02"]
[Round "7"]
[White "severomorskij"]
[Black "grzechu96"]
[Result "1-0"]
[WhiteElo "2674"]
[BlackElo "2389"]
[TimeControl "180+2"]
[EndTime "14:34:49 PDT"]
[Termination "severomorskij won by resignation"]

1. d4 Nf6 2. Bg5 d5 3. e3 Nbd7 4. Nf3 e6 5. c4 Be7 6. Nc3 dxc4 7. Bxc4 O-O 8. O-O c6 9. Rc1 b5 10. Bd3 Bb7 11. Ne4 a6 12. Bxf6 Nxf6 13. Nxf6+ Bxf6 14. Qc2 Rc8 15. Bxh7+ Kh8 16. Be4 g6 17. Rfd1 Qb6 18.
b4 a5 19. a3 Be7 20. Qc3 Kg8 21. Ne5 Bd6 22. Nd7 Qc7 23. Nxf8 Bxh2+ 24. Kf1 Kxf8 25. g3 Bxg3 26. fxg3 Qxg3 27. Qe1 Qg4 28. Bg2 axb4 29.
Qxb4+ Kg7 30. d5 Qf5+ 31. Qf4 Qxf4+ 32. exf4 exd5 33. Rc3 Ra8 34. Kf2 Ra4 35. Kg3 Kf6 36. Rb3 Bc8 37. Rc1 Bb7 38. Bh3 Ke7 39. Rcc3 Kd6 40. Rb4 Ra7 41. a4 bxa4 42. Ra3 c5 43.
Rbxa4 Rxa4 44. Rxa4 d4 45. Bg2 Bc8 46. Kf2 c4 47.
Rxc4 1-0

[Event "*** Titled Tuesday 3|2 Blitz"]
[Site "Chess.com"]
[Date "2017.05.02"]
[Round "7"]
[White "Drags95"]
[Black "jcibarra"]
[Result "1-0"]
[WhiteElo "2547"]
[BlackElo "2638"]
[TimeControl "180+2"]
[EndTime "14:34:49 PDT"]
[Termination "Drags95 won by resignation"]

1. e4 c5 2. Nf3 Nf6 3. Nc3 d5 4. exd5 Nxd5 5. Bb5+ Bd7 6. Qe2 Nb4 7. Bxd7+ Qxd7 8. d3 N8c6 9. O-O e6 10. Be3 Rc8 11. a3 Nd5 12. Nxd5 Qxd5 13. c4 Qh5 14. Rfd1 Bd6 15.
h3 O-O 16. d4 cxd4 17. Nxd4 Qxe2 18. Nxe2 Be5 19. Rab1 Rfd8 20. b4 Rxd1+ 21. Rxd1 Bb2 22. Bc1 Bxc1 23. Nxc1 Ne5 24. c5 g5 25. Nb3 Kf8 26. Kf1 Ke7 27. Ke2 Nc4 28. a4 b6 29. Rc1 Ne5 30.
cxb6 Rxc1 31. b7 Nd7 32. Nxc1 Kd6 33. Kf3 f5 34. Nb3 Kc7 35. Nd4 Nf8 36. h4 h6 37.
hxg5 hxg5 38. g4 f4 39. Ke4 Kxb7 40. Ke5 Ng6+ 41. Kxe6 Nh4 42. Kf6 Ng2 43. Kxg5 Kc7 44. Kf6 Ne1 45. g5 Nf3 46. g6 Nxd4 47. g7 1-0

[Event "*** Titled Tuesday 3|2 Blitz"]
[Site "Chess.com"]
[Date "2017.05.02"]
[Round "7"]
[White "underdogchss"]
[Black "1random"]
[Result "0-1"]
[WhiteElo "2384"]
[BlackElo "2311"]
[TimeControl "180+2"]
[EndTime "14:34:53 PDT"]
[Termination "1random won on time"]

1. e4 d5 2. exd5 Nf6 3. Bb5+ Nbd7 4. Nc3 a6 5. Ba4 b5 6. Bb3 Bb7 7. Qf3 Nb6 8. Nge2 Nbxd5 9. O-O c5 10. Nxd5 Bxd5 11.
Bxd5 Qxd5 12. Qxd5 Nxd5 13. c3 e5 14. a4 b4 15. d4 exd4 16. cxd4 c4 17. Re1 Kd7 18. Nf4 Nxf4 19. Bxf4 Bd6 20. Bxd6 Kxd6 21. Rac1 Rac8 22. Re5 f6 23. Ra5 Rc6 24. d5 Rc5 25. Rxa6+ Kxd5 26. Rd1+ Ke5 27. Rb6 c3 28. bxc3 bxc3 29. Rc1 c2 30.
Rb2 Rd8 31. f4+ Kxf4 32. Rbxc2 Rxc2 33. Rxc2 Rd1+ 34. Kf2 Ra1 35. Rc4+ Kg5 36. h4+ Kf5 37. g4+ Kg6 38. Ke3 h5 39. Rb4 Ra3+ 40. Kf4 hxg4 41. Kxg4 Ra1 42. h5+ Kh6 43. Rc4 Rg1+ 44. Kf5 Kxh5 45.
Rc8 Rf1+ 46. Ke6 Kg4 47. Rg8 g5 48. Rf8 f5 49. a5 f4 50. a6 Ra1 51. Ra8 f3 52. Ke5 Kg3 53. Ke4 g4 54. a7 Kf2 55.
Kf4 Ra4+ 56. Kg5 g3 57. Rb8 Rxa7 58. Rb2+ Kf1 59. Kf4 g2 60. Rb1+ Kf2 61. Rb2+ Kg1 62. Kxf3 Ra3+ 63. Kg4 Kh1 0-1

[Event "*** Titled Tuesday 3|2 Blitz"]
[Site "Chess.com"]
[Date "2017.05.02"]
[Round "7"]
[White "XiaoKangZhong"]
[Black "WeiYi1999"]
[Result "0-1"]
[WhiteElo "2009"]
[BlackElo "2084"]
[TimeControl "180+2"]
[EndTime "14:34:54 PDT"]
[Termination "WeiYi1999 won by checkmate"]

1. e4 d5 2. exd5 Qxd5 3. Nc3 Qa5 4. d4 c6 5. Be3 Bf5 6. Nf3 e6 7. Be2 Nf6 8. O-O Nbd7 9. a3 Bd6 10. b4 Qc7 11. Na4 a5 12. c4 axb4 13. c5 Bf4 14. axb4 O-O 15. Qd2 Nd5 16. Bxf4 Qxf4 17. Qxf4 Nxf4 18.
Bc4 Bd3 19. Bxd3 Nxd3 20. Rfb1 Ra7 21. Nc3 Rfa8 22. Rxa7 Rxa7 23. g3 Ra3 24. Ne4 Nf6 25. Nd6 Ra7 26. Nd2 Nd5 27. b5 cxb5 28. Rxb5 Nc3 29.
Rb3 Ne2+ 30. Kf1 Ra1+ 31. Kxe2 Nc1+ 32. Ke3 Nxb3 33. Nxb3 Ra3 34. Kd2 Rxb3 35. Kc2 Rb4 36. Kc3 Rb1 37. Kc4 Kf8 38. Nb5 Ke7 39. Nc3 Rc1 40.
Kb4 Rc2 41. Ne4 Re2 42. Nd6 b6 43. Nc8+ Kd7 44. Nxb6+ Kc6 45. Nc4 Rxf2 46. Ne5+ Kd5 47. Nxf7 Rxf7 48. Kb5 Rb7+ 49. Ka6 Rb1 50. Ka7 Kxd4 51.
c6 Rc1 52. Kb7 e5 53. c7 e4 54. c8=Q Rxc8 55. Kxc8 e3 56. Kd7 e2 57. Ke7 e1=Q+ 58. Kf7 Qf2+ 59. Kxg7 Qxh2 60. g4 Qg3 61. g5 Qxg5+ 62. Kxh7 Ke5 63. Kh8 Kf6 64. Kh7 Qg7# 0-1

[Event "*** Titled Tuesday 3|2 Blitz"]
[Site "Chess.com"]
[Date "2017.05.02"]
[Round "7"]
[White "DrVitman"]
[Black "Hikaru"]
[Result "0-1"]
[WhiteElo "2607"]
[BlackElo "2867"]
[TimeControl "180+2"]
[EndTime "14:35:07 PDT"]
[Termination "Hikaru won by resignation"]

1. d4 Nf6 2. c4 e6 3. Nf3 d5 4.
Nc3 Be7 5. Bg5 h6 6. Bxf6 Bxf6 7. e3 O-O 8. Qd2 c5 9. dxc5 dxc4 10. Bxc4 Nd7 11.
Ne4 Qe7 12. Rc1 Nxc5 13. Nxc5 Qxc5 14. Bxe6 Qb5 15. Bc4 Qxb2 16. Qxb2 Bxb2 17. Rb1 Bf6 18. Ke2 b6 19. Rhd1 Rb8 20. Nd4 Bb7 21. f3 Rfc8 22. Bb3 Rc5 23. Rbc1 Ba6+ 24. Kd2 Rd8 25. Ke1 Re8 26. Kf2 Rec8 27. Rxc5 bxc5 28. Ne2 c4 29. Ba4 c3 30. Rc1 Bd3 31. Nd4 c2 32. Ke1 Be7 33. Bxc2 Ba3 34. Bxd3 Rxc1+ 35. Ke2 Ra1 36.
Bc4 Bc5 37. Nc6 Rg1 38. g4 Rc1 39. Bb3 Rc3 40. Nd4 Bxd4 41. exd4 Kf8 42. h4 g6 43. g5 h5 44. d5 Rc7 45. Ke3 Ke7 46.
Kd4 Kd6 47. f4 Rc1 48. f5 Rh1 49. fxg6 Rxh4+ 50. Ke3 fxg6 51. Bc2 Rg4 52. Bxg6 Rxg5 53. Be4 h4 0-1

[Event "*** Titled Tuesday 3|2 Blitz"]
[Site "Chess.com"]
[Date "2017.05.02"]
[Round "7"]
[White "roldieyi"]
[Black "Rodalquilar"]
[Result "0-1"]
[WhiteElo "2104"]
[BlackElo "2534"]
[TimeControl "180+2"]
[EndTime "14:35:13 PDT"]
[Termination "Rodalquilar won on time"]

1. d4 Nf6 2. Nf3 d5 3. c4 e6 4.
Bg5 Bb4+ 5. Nc3 h6 6. Bxf6 Qxf6 7. e3 O-O 8. a3 Bxc3+ 9. bxc3 c5 10. Bd3 Nc6 11.
O-O dxc4 12. Bxc4 e5 13. Bb5 Nxd4 14. cxd4 exd4 15. exd4 Rd8 16. d5 a6 17. Be2 Be6 18. d6 b5 19. Qd2 Rac8 20. Rad1 Rc6 21. Qa5 Rdxd6 22. Rxd6 Rxd6 23. a4 Qb2 24. Re1 c4 25. Qc7 Rd7 26. Qc8+ Kh7 27. Qxa6 bxa4 28. Bxc4 Bxc4 29.
Qxc4 a3 30. Qe4+ g6 31. Qe8 Ra7 32. Re7 Rxe7 33. Qxe7 Kg7 34. h3 a2 35. Kh2 a1=Q 36.
h4 Qf6 37. Qe4 Qac3 38. h5 Qc7+ 39. Kh1 Qc1+ 40. Ng1 Qff4 41. Qa4 Qxa4 0-1

[Event "*** Titled Tuesday 3|2 Blitz"]
[Site "Chess.com"]
[Date "2017.05.02"]
[Round "7"]
[White "Vegan4future"]
[Black "GM_Huschenbeth"]
[Result "0-1"]
[WhiteElo "2290"]
[BlackElo "2369"]
[TimeControl "180+2"]
[EndTime "14:35:21 PDT"]
[Termination "GM_Huschenbeth won by resignation"]

1. e4 c5 2. Nf3 d6 3. Bb5+ Nd7 4.
O-O a6 5. Bd3 Ngf6 6. Re1 e6 7. c3 b5 8. Bc2 c4 9. d4 cxd3 10.
Qxd3 Bb7 11. Bg5 Be7 12. Nbd2 O-O 13. Rad1 Qc7 14. Nb3 h6 15. Bh4 Rfd8 16. Bg3 Ne5 17. Nxe5 dxe5 18. Qe2 Rdc8 19. a3 Bc6 20. Nd4 Be8 21. Nf3 Nd7 22. Bb3 Bf6 23. Rd2 Nc5 24. Bc2 a5 25. Red1 Rab8 26. Rd6 Nb7 27. R6d2 Nc5 28. Rd6 Nb7 29. R6d2 b4 30. axb4 axb4 31. cxb4 Nd8 32. Bb1 Nc6 33. b5 Nb4 34. Rd6 Rxb5 35.
Qd2 Be7 36. Bxe5 Rxe5 37. Nxe5 Bxd6 38. Ng4 Be7 39. h3 Rd8 40. Qe2 Rxd1+ 41. Qxd1 Qc4 42.
Qd2 Nc6 43. Ne3 Qd4 44. Qe2 Ne5 45. Kh2 Bc6 46. f4 Ng6 47. f5 Bd6+ 48. g3 Ne5 49. fxe6 fxe6 50. Ng2 Qb6 51. Nf4 Qb3 52. Qd2 Nf3+ 53. Kg2 Nxd2 54. Bd3 Bxe4+ 55. Bxe4 Nxe4 0-1

[Event "*** Titled Tuesday 3|2 Blitz"]
[Site "Chess.com"]
[Date "2017.05.02"]
[Round "7"]
[White "GMAkobianSTL"]
[Black "Konavets"]
[Result "0-1"]
[WhiteElo "2596"]
[BlackElo "2681"]
[TimeControl "180+2"]
[EndTime "14:35:29 PDT"]
[Termination "Konavets won on time"]

1. d4 Nf6 2. c4 e5 3. dxe5 Ng4 4.
Bf4 g5 5. Bd2 Nxe5 6. Bc3 Bg7 7.
Nd2 Qe7 8. e3 Nbc6 9. Rc1 d6 10.
Ngf3 Bf5 11. Nxe5 Nxe5 12. Be2 O-O-O 13. O-O h5 14. Qa4 Kb8 15. Nf3 g4 16. Nxe5 dxe5 17.
Rfd1 h4 18. Rxd8+ Qxd8 19. Rd1 Qe7 20. c5 Qxc5 21. Qc4 Qxc4 22. Bxc4 f6 23. g3 hxg3 24. fxg3 Kc8 25. Rf1 Bd7 26. e4 a6 27. Bf7 Kd8 28. Bg6 b6 29. Bf5 Bxf5 30. Rxf5 Ke7 31. Bd2 Ke6 32. Be3 Rd8 33. Rf1 Bf8 34. Kf2 Bb4 35. Ke2 Rh8 36. Rf2 Bd6 37. b3 b5 38. Kd3 c5 39.
Kc3 Rc8 40. Rd2 c4 41. b4 Rd8 42. a4 f5 43. exf5+ Kxf5 44. axb5 axb5 45. Bc5 Bc7 46. Rf2+ Ke4 47. Rf6 Rd3+ 48. Kc2 Bd8 49. Rf7 Bg5 50. Rb7 Kf3 51. Rxb5 e4 52. Rb8 e3 53. Rf8+ Kg2 54. Re8 Kf1 55. Rf8+ Ke1 56. b5 Rd5 57. b6 Rxc5 58.
b7 Rb5 59. b8=Q Rxb8 60. Rxb8 e2 61. Rf8 Be3 0-1

[Event "*** Titled Tuesday 3|2 Blitz"]
[Site "Chess.com"]
[Date "2017.05.02"]
[Round "7"]
[White "BjarkeSahl"]
[Black "Gabix_94"]
[Result "1-0"]
[WhiteElo "2183"]
[BlackElo "2439"]
[TimeControl "180+2"]
[EndTime "14:35:33 PDT"]
[Termination "BjarkeSahl won on time"]

1. d4 Nf6 2. Bg5 Ne4 3. Bf4 c5 4. f3 Qa5+ 5. c3 Nf6 6. Nd2 cxd4 7. Nb3 Qd8 8. cxd4 d5 9. Bxb8 Rxb8 10. e3 e6 11. Bb5+ Bd7 12. Bxd7+ Qxd7 13. Ne2 Bb4+ 14.
Nc3 O-O 15. O-O Rfe8 16. f4 Bxc3 17. bxc3 Ne4 18. Qd3 Rbc8 19. Rfc1 Qa4 20. Nd2 Nd6 21. e4 Re7 22. e5 Nb5 23. f5 exf5 24. Qxf5 Rec7 25. e6 Nxc3 26. exf7+ Kf8 27. Rf1 Qxd4+ 28. Kh1 g6 29. Qg5 Rxf7 30. Nf3 Qf6 31. Qg4 Rc4 32. Qh3 Kg7 33. Nd2 Rf4 34. Rxf4 Qxf4 35. Qxc3+ d4 36.
Qd3 Re7 37. Nf3 Rd7 38. Re1 h5 39. g3 Qf6 40. Re4 Kh7 41. Rxd4 Re7 42. Re4 Qa1+ 43. Kg2 Qxa2+ 44. Kh3 Rg7 45. Ng5+ Kh6 46. Qe3 Qb1 47. Nf7+ Kh7 48. Qh6+ Kg8 49. Qh8+ Kxf7 50. Qe8+ Kf6 51. Qd8+ Kf5 52. Qd5+ Kf6 53. Re6+ Kf7 54. Re1+ Kf8 55.
Rxb1 Re7 56. Rf1+ Kg7 57. Qd4+ 1-0

[Event "*** Titled Tuesday 3|2 Blitz"]
[Site "Chess.com"]
[Date "2017.05.02"]
[Round "7"]
[White "LawrenceTrent"]
[Black "TheNextLevelFan"]
[Result "1/2-1/2"]
[WhiteElo "2421"]
[BlackElo "2406"]
[TimeControl "180+2"]
[EndTime "14:35:44 PDT"]
[Termination "Game drawn - insufficient material"]

1. e4 e5 2. Nf3 Nc6 3. Bc4 Bc5 4.
O-O Nf6 5. d3 d6 6. a4 a6 7. c3 Ba7 8. Na3 O-O 9. Nc2 Ne7 10.
Be3 Ng6 11. Bxa7 Rxa7 12. Ne3 c6 13. a5 Nf4 14. g3 Nh3+ 15. Kg2 h6 16. Bb3 Ra8 17.
Bc2 Re8 18. Qd2 Nh5 19. d4 Qf6 20. dxe5 dxe5 21. Nc4 Bg4 22. Ng1 Rad8 23. Qe3 Nxg1 24.
Kxg1 Be6 25. Bd3 Qg5 26. Qxg5 hxg5 27. Nxe5 Bh3 28. Rfd1 Rxe5 29. Be2 Rxd1+ 30. Rxd1 Nf6 31. f3 Be6 32. b4 c5 33. Rd8+ Kh7 34. Bd3 g6 35.
Rb8 cxb4 36. cxb4 Kg7 37. Rxb7 Bc8 38. Rb8 Re8 39. Ra8 Bb7 40. Ra7 Rb8 41. Bc4 Nd7 42. Kf2 Kf6 43. Ke3 Ke7 44. Kd4 f6 45. f4 gxf4 46. gxf4 Kd6 47. Bxa6 Bc6 48. Kc3 Bxe4 49. Bc4 Bc6 50. Ra6 Kc7 51. Ra7+ Rb7 52. Rxb7+ Bxb7 53. Bd3 g5 54. fxg5 fxg5 55. Kd4 Nf6 56. h3 Bg2 57. Bf5 Ne8 58. b5 Nd6 59. b6+ Kc6 60. Bg4 Nb7 61.
a6 Kxb6 62. axb7 Kxb7 63. Ke5 Bxh3 64. Bxh3 g4 65. Bxg4 1/2-1/2

[Event "*** Titled Tuesday 3|2 Blitz"]
[Site "Chess.com"]
[Date "2017.05.02"]
[Round "7"]
[White "biostatistician"]
[Black "hermionegrangermagic"]
[Result "1-0"]
[WhiteElo "2416"]
[BlackElo "2282"]
[TimeControl "180+2"]
[EndTime "14:35:53 PDT"]
[Termination "biostatistician won by resignation"]

1. d4 d5 2. Nf3 Nf6 3. c4 e6 4. Bg5 Be7 5. e3 O-O 6. Nc3 h6 7. Bh4 Ne4 8. Bxe7 Qxe7 9. Rc1 Nxc3 10. Rxc3 c6 11. Bd3 Nd7 12. O-O f5 13. Qc2 Nf6 14. Ne5 Qe8 15. f3 Nd7 16. Nxd7 Bxd7 17. f4 g5 18. b4 g4 19. a4 h5 20. c5 a6 21. Rb1 h4 22. Rcb3 Qd8 23. Qb2 b5 24.
cxb6 Qxb6 25. a5 Qc7 26. Qe2 Qc8 27. Rc1 h3 28. gxh3 Rf7 29. hxg4 Rg7 30. g5 Qe8 31. h4 Rh7 32. Qf2 Qh5 33. Be2 Qxh4 34. Qxh4 Rxh4 35. Kg2 Kg7 36. Rh1 Rxh1 37. Kxh1 Rh8+ 38.
Kg2 Bc8 39. Rc3 Bb7 40. Bd3 Rh4 41. Rc1 Rg4+ 42. Kf2 Rh4 43. Bf1 Rh2+ 44. Bg2 Rh8 45. Kg3 Rb8 46. Rb1 Bc8 47. Bf3 Bb7 48. Be2 Bc8 49.
Bd3 Bb7 50. Rc1 Rh8 51. Bxa6 Bxa6 52. Rxc6 Bf1 53. Rxe6 Rh3+ 54. Kf2 Bd3 55. Kg2 Rh8 56. Rb6 Be4+ 57. Kf2 Rh2+ 58. Ke1 Bf3 59. a6 Re2+ 60. Kf1 Rd2 61. b5 Ra2 62. Rb7+ Kg6 63. a7 Kh5 64. b6 Kg4 65. Rb8 Rb2 66. a8=Q Rb1+ 67. Kf2 Rb2+ 68. Ke1 Re2+ 69. Kd1 Ra2+ 1-0

[Event "*** Titled Tuesday 3|2 Blitz"]
[Site "Chess.com"]
[Date "2017.05.02"]
[Round "7"]
[White "pedromartinez91"]
[Black "PowerThinking2650"]
[Result "1-0"]
[WhiteElo "2313"]
[BlackElo "2181"]
[TimeControl "180+2"]
[EndTime "14:36:31 PDT"]
[Termination "pedromartinez91 won on time"]

1. e4 e6 2. c4 c5 3. Nf3 Nc6 4. Nc3 a6 5. Be2 Qc7 6. O-O Nd4 7. d3 Ne7 8. Be3 Nec6 9. Re1 Bd6 10. g3 Nxe2+ 11. Qxe2 O-O 12. Rac1 b6 13. d4 cxd4 14. Nxd4 Nxd4 15. Bxd4 Bb7 16. Qe3 Bc5 17. Rcd1 d6 18. b3 Rad8 19. Qg5 Bxd4 20. Rxd4 Qc5 21. Qe3 b5 22. Red1 bxc4 23. Rxc4 Qxe3 24. fxe3 Rd7 25. Kf2 Rfd8 26. Na4 d5 27. exd5 Bxd5 28. Rcd4 Bc6 29.
Nc5 Rxd4 30. Rxd4 Rxd4 31. exd4 a5 32. Ke3 Kf8 33. Kd3 Ke7 34. Kc4 Kd6 35. Nd3 f6 36. a3 e5 37. dxe5+ fxe5 38. b4 axb4 39. axb4 Bd5+ 40. Kc3 g5 41. Kd2 Bc4 42. Ke3 Kd5 43.
Nf2 Ke6 44. Ne4 h6 45. Nc3 Ba6 46. b5 Bb7 47. Ne4 Kd5 48. Nf6+ Kc5 49. Nd7+ Kxb5 50.
Nxe5 Kc5 51. Nf7 g4 52. Nxh6 Bc8 53. Kf4 Kd4 54. Nxg4 Kd5 55. h4 Ke6 56. Kg5 Kf7 57. h5 Kg7 58. h6+ Kh7 59. Nf6+ Kh8 60. Kf4 Be6 61. g4 Bf7 62. g5 Bg6 63. Ke5 Bd3 64. Ke6 Bc4+ 65. Ke7 Bd3 66. Kf8 Bc2 67. Ng4 Kh7 68.
Ne5 Be4 69. Kf7 Bd5+ 70. Kf6 Be4 71. Ng4 Bc2 72. Ke5 Kg6 73. Kf4 Bb1 74. Nf6 Bc2 75.
Ne4 Kh7 76. Kf5 Bb1 77. Ke5 Kg6 78. Kf4 Kh7 79. Nf6+ Kg6 80. Ng4 Bc2 81. Ne5+ Kh7 82. Kg4 Bd1+ 83. Kf5 Bc2+ 84. Kf6 Bb1 85. Nd7 Bc2 86.
Nf8+ Kg8 87. g6 Kh8 88. Nh7 1-0

[Event "*** Titled Tuesday 3|2 Blitz"]
[Site "Chess.com"]
[Date "2017.05.02"]
[Round "7"]
[White "Olkaa"]
[Black "FearlessKing64"]
[Result "0-1"]
[WhiteElo "2454"]
[BlackElo "2171"]
[TimeControl "180+2"]
[EndTime "14:36:31 PDT"]
[Termination "FearlessKing64 won by resignation"]

1. e4 c5 2. Nf3 d6 3. d4 cxd4 4. Nxd4 Nf6 5. Nc3 a6 6. Be3 e5 7. Nb3 Be6 8. f3 Be7 9. Qd2 O-O 10. O-O-O Nbd7 11. g4 b5 12. g5 b4 13. gxf6 bxc3 14. Qxc3 Nxf6 15. Na5 Rc8 16. Nc6 Qd7 17. Nxe7+ Qxe7 18. Qa5 Nh5 19. Kb1 Rc6 20. Rg1 Qh4 21. Bg5 Qf2 22.
Bd3 Rfc8 23. Rdf1 Qd4 24. Bc1 g6 25. b3 Nf4 26. Bxf4 exf4 27. Qd2 Rc3 28. Rd1 Qb6 29. Kb2 a5 30. Qxc3 Rxc3 31. Kxc3 Qb4+ 32. Kb2 a4 33. c3 a3+ 34. Kc2 Qb6 35. Rgf1 d5 36. exd5 Bxd5 37. Rde1 Qf6 38. Re2 Kg7 39. Be4 Be6 40. Rd2 h5 41. Rg1 Qh4 42. Rgg2 Qe1 43. Rd1 Qe3 44. Rgd2 g5 45. Bc6 Bf5+ 46. Be4 Bxe4+ 47. fxe4 Qxe4+ 48. Kc1 f3 49. Rf1 g4 50. b4 Qe3 51. Kc2 h4 52. Rdf2 f5 53. b5 Qe4+ 54. Kb3 Qd5+ 55. c4 Qd3+ 56.
Kb4 Qd6+ 57. Kb3 Qc5 58. Kc3 Kg6 59. Kb3 Kg5 60. Kc3 Kf4 61. Kb3 Qe3+ 62. Kb4 g3 63.
hxg3+ hxg3 64. Rxf3+ Qxf3 65. Rxf3+ Kxf3 66. b6 g2 67.
b7 g1=Q 68. Ka5 Qb1 69. Ka6 Ke4 70. c5 Kd5 0-1

[Event "*** Titled Tuesday 3|2 Blitz"]
[Site "Chess.com"]
[Date "2017.05.02"]
[Round "7"]
[White "martinique24"]
[Black "saraswathii"]
[Result "0-1"]
[WhiteElo "2403"]
[BlackElo "2235"]
[TimeControl "180+2"]
[EndTime "14:36:58 PDT"]
[Termination "saraswathii won by resignation"]

1. e4 c5 2. d4 cxd4 3. c3 dxc3 4.
Nxc3 e6 5. Nf3 Nc6 6. Bc4 Nf6 7. O-O Qc7 8. Bb3 Bc5 9. Nb5 Qb8 10. e5 Nxe5 11. Bf4 Nxf3+ 12. Qxf3 d6 13. Rac1 e5 14. Bxe5 dxe5 15. Rxc5 O-O 16. Nc7 b6 17. Rcc1 Bb7 18. Qe2 a5 19. Nxa8 Qxa8 20. f3 e4 21. fxe4 a4 22.
e5 Ne4 23. Bc4 b5 24. Bxb5 Rd8 25. Rcd1 h6 26. Rxd8+ Qxd8 27. Bc4 Qd4+ 28. Kh1 Qxe5 29. Bxf7+ Kh8 30. Qe3 Qxb2 31. Bg6 Qb4 32. Qf3 Nf6 33. Qf2 Qg4 34. Bd3 a3 35. Be2 Qe6 36. Bf3 Ba6 37. Re1 Qf5 38. Qe3 Bc4 39. Qxa3 Qc2 40. Qf8+ Kh7 41.
Qe7 Bd3 42. a4 Qxa4 43. Qe3 Bf5 44. Qf2 Qf4 45. Qe3 Qb4 46. Qe7 Qc3 47. Rd1 Bc2 48. Qe1 Qa3 49. Rc1 Bf5 50. Qc3 Qd6 51. Qc5 Qf4 52. Rf1 Bd3 53. Rd1 Bg6 54. Qc1 Qe5 55.
Qd2 Qb5 56. Re1 Qf5 57. h3 Qc5 58. Qe3 Qb4 59. Qe7 Qc3 60. Rd1 Bc2 61. Rc1 Qb2 62.
Re1 Bf5 63. Qe5 Qc2 64. Bd5 Bg6 65. Be6 Qd2 66. Bf5 Qf2 67. Bxg6+ Kxg6 68. Qe3 Qf5 69. Qf3 Qa5 70. Rf1 Qe5 71. Qf2 Ne4 72. Qc2 Kg5 73.
Kg1 Qd4+ 74. Kh1 Ng3+ 0-1

[Event "*** Titled Tuesday 3|2 Blitz"]
[Site "Chess.com"]
[Date "2017.05.02"]
[Round "7"]
[White "MagnusCarlsen"]
[Black "GMBenjaminBok"]
[Result "1/2-1/2"]
[WhiteElo "2974"]
[BlackElo "2677"]
[TimeControl "180+2"]
[EndTime "14:37:20 PDT"]
[Termination "Game drawn by agreement"]

1. b3 d5 2. Bb2 Bg4 3. g3 e6 4. Bg2 Nf6 5. Nf3 Nbd7 6. c4 c6 7. O-O Bd6 8. d3 O-O 9. Nbd2 Qe7 10. h3 Bh5 11. a3 a5 12. Re1 Rfe8 13. Qc2 h6 14. e4 dxe4 15. Nxe4 Nxe4 16. Rxe4 Bg6 17. Re3 Bc5 18. Qc3 Qf6 19. d4 Bf8 20. Rae1 Bh5 21. Qd2 Bxf3 22. Bxf3 Qd8 23. d5 cxd5 24. cxd5 Nb6 25.
Qd1 Bc5 26. R3e2 Qg5 27. Kg2 Red8 28. Re5 Qg6 29. Qc1 Rac8 30. Qf4 Nxd5 31. Bxd5 exd5 32.
Qf3 b6 33. Rxd5 Rxd5 34. Qxd5 Qc2 35. Bd4 Bxd4 36. Qxd4 Qxb3 37. Re3 Qb5 38. h4 Qc6+ 39. Kh2 b5 40. Re5 Qb7 41. Qd3 b4 42. Rxa5 bxa3 43.
Rxa3 Qb6 44. Ra2 Qc6 45. Rd2 Qe6 46. Qf3 Qf6 47. Qe4 Qe6 48. Qxe6 fxe6 49. Rd7 Rf8 50. Kg2 Rf5 51. Re7 Rf6 52. g4 Kf8 53. Rb7 Rf4 54. Kg3 Rd4 55. f3 Rc4 56. Kf2 Rc3 57. Ke2 Ra3 58. Rd7 Rb3 59. Rd3 Rb2+ 60. Ke3 Kf7 61. Ra3 Kf6 62. Ra4 Rh2 63. Rf4+ Ke7 64. h5 Ra2 65. Rb4 Kf6 66. Kf4 Rc2 67. Rb8 Rc4+ 68. Kg3 Kf7 69. Rb3 Kf6 70. f4 Rd4 71. Rb5 Rd3+ 72. Kf2 Rh3 73. Kg2 Rd3 74. g5+ hxg5 75. fxg5+ Kf7 76. Rb7+ Kf8 77. Rb8+ Kf7 78. Rb5 Rc3 79.
Rb7+ Kf8 80. Rb8+ Kf7 81. Rb7+ Kf8 82. g6 Rc5 83. Rf7+ Kg8 84. Re7 Kf8 85. Rxe6 Rxh5 86. Kf3 Rh4 87. Ke3 Rg4 88. Kf3 Ra4 89. Ke3 Rb4 1/2-1/2

[Event "*** Titled Tuesday 3|2 Blitz"]
[Site "Chess.com"]
[Date "2017.05.02"]
[Round "7"]
[White "platy3"]
[Black "bilelou"]
[Result "0-1"]
[WhiteElo "2633"]
[BlackElo "2428"]
[TimeControl "180+2"]
[EndTime "14:37:35 PDT"]
[Termination "bilelou won by resignation"]

1. e4 c5 2. Nf3 Nc6 3. d4 cxd4 4.
Nxd4 Nf6 5. Nc3 e5 6. Ndb5 d6 7. Bg5 a6 8. Na3 Be6 9. Nc4 Rc8 10. Ne3 Qb6 11. Rb1 Nxe4 12. Nxe4 h6 13. Nxd6+ Bxd6 14. Qxd6 hxg5 15. Bc4 Rd8 16. Qa3 Bxc4 17. Nxc4 Qd4 18.
Ne3 Qd2+ 19. Kf1 Rh6 20. Qc3 Rf6 21. f3 e4 22. Qxd2 Rxd2 23. Ke1 Rd4 24. c3 Ra4 25. Ke2 exf3+ 26. gxf3 Rxa2 27. h4 Rh6 28. hxg5 Rxh1 29. Rxh1 Rxb2+ 30. Kd3 Rb5 31. f4 Ne7 32. Nc4 Rd5+ 33.
Ke4 f6 34. gxf6 gxf6 35. Rh8+ Kf7 36. Rh7+ Kf8 37. Rh8+ Kf7 38. Rh7+ Kf8 39. Rh8+ Kg7 40. Re8 Rd7 41. Nb6 Rc7 42. c4 Kf7 43. Rb8 a5 44.
Ra8 Rc6 45. c5 Rxc5 46. Nd7 Rc4+ 47. Kf3 Ng6 48. Rxa5 Rxf4+ 49. Ke3 Rc4 50. Rb5 Rc7 51. Nc5 b6 52. Ne4 Rc6 53. Rd5 Ne5 54. Kf4 Ke6 55. Rd8 Rc4 56. Rd6+ Ke7 57. Rxb6 Nd7 58. Rb7 Ke6 59. Ke3 Rxe4+ 60. Kf3 Ra4 61. Rb1 Ra3+ 62.
Kg4 Ne5+ 63. Kf4 Ra4+ 64. Ke3 f5 65. Rb6+ Kf7 66. Rb5 Kf6 67. Rb6+ Kg5 68. Rb5 Re4+ 69. Kf2 Kf4 70. Rb3 Ng4+ 71. Kf1 Re3 72. Rb2 Kf3 73. Ra2 f4 74. Rb2 Ra3 75. Ke1 Kg3 0-1

[Event "*** Titled Tuesday 3|2 Blitz"]
[Site "Chess.com"]
[Date "2017.05.02"]
[Round "7"]
[White "Vrolijk"]
[Black "Spartakus1975"]
[Result "1/2-1/2"]
[WhiteElo "2351"]
[BlackElo "2601"]
[TimeControl "180+2"]
[EndTime "14:37:40 PDT"]
[Termination "Game drawn - insufficient material"]

1. d4 d5 2. c4 c6 3. Nf3 Nf6 4.
e3 a6 5. Nc3 Bf5 6. Ne5 Nbd7 7.
Qb3 Qb6 8. Nxd7 Nxd7 9. cxd5 cxd5 10. Nxd5 Qxb3 11. axb3 Rc8 12. Bd2 e5 13. dxe5 Nxe5 14.
Bc3 Nd3+ 15. Bxd3 Bxd3 16. f3 Bc2 17. b4 f6 18. Kf2 Kf7 19. Rhc1 Bb3 20. e4 Bd6 21.
Ne3 Rhd8 22. g3 Bc7 23. Kg2 Bb6 24. Re1 Rd3 25. Ng4 h5 26. Nf2 Rd7 27. Ra3 Be6 28. Rd1 Rcd8 29. Raa1 Bb3 30. Rxd7+ Rxd7 31. Re1 g5 32.
Re2 Ke6 33. Rd2 Rxd2 34. Bxd2 Bc2 35. Kf1 Ba4 36. Ke2 Bb5+ 37. Ke1 Bc4 38. Bc3 Be3 39. Bd2 Bb6 40. Bc3 Ba7 41. Bd2 Bb5 42. Bc3 Bb6 43. Bd2 Bc7 44. Be3 Be5 45. Nd1 Bd6 46. Bc5 Be5 47. Kf2 h4 48. Nc3 Bc4 49.
Be3 h3 50. f4 gxf4 51. gxf4 Bd6 52. f5+ Kf7 53. Kg1 Bxb4 54. Nd1 Bd6 55. Nf2 Be5 56.
b4 Bc3 57. Bc5 b6 58. Bxb6 Bxb4 59. Nxh3 a5 60. Bd4 a4 61. Nf2 a3 62. Nd1 Bd2 63. Kf2 Bc1 64. e5 fxe5 65. Bxe5 Bb3 66. Ke2 Bxd1+ 67. Kxd1 Bb2 68. Bxb2 axb2 69. Kc2 Kf6 70.
Kxb2 Kxf5 71. Kc3 Kg4 72. Kb4 Kh3 73. Ka5 Kxh2 1/2-1/2

[Event "*** Titled Tuesday 3|2 Blitz"]
[Site "Chess.com"]
[Date "2017.05.02"]
[Round "7"]
[White "DryCounty"]
[Black "supertfc"]
[Result "0-1"]
[WhiteElo "2451"]
[BlackElo "2340"]
[TimeControl "180+2"]
[EndTime "14:38:08 PDT"]
[Termination "supertfc won by resignation"]

1. Nf3 d5 2. g3 g6 3. Bg2 Bg7 4.
O-O e5 5. c4 dxc4 6. Na3 Nc6 7.
Nxc4 Nge7 8. d3 O-O 9. Bd2 Be6 10. Rc1 Qd7 11. Ng5 Bd5 12. Ne4 b6 13. Ne3 Be6 14. Ng5 Rac8 15. Nxe6 Qxe6 16. a3 Nd4 17. Nc4 c5 18. e3 Ndc6 19. Qe2 Rfd8 20. Bc3 Nd5 21. Rfd1 Nxc3 22. bxc3 b5 23. Nd2 Qa2 24. d4 exd4 25. cxd4 c4 26. Ra1 Qc2 27. Rdc1 Qa4 28. Ne4 Ne7 29. Ra2 Qa6 30. Nc5 Qb6 31. a4 a6 32.
Rb1 Rxc5 33. dxc5 Qxc5 34. axb5 axb5 35. Ra5 Rb8 36. Qc2 Nc6 37. Bxc6 Qxc6 38. Ra7 b4 39. Qa4 Qxa4 40. Rxa4 Bf8 41. Kf1 c3 42. Ke2 c2 43.
Rc1 b3 44. Rc4 b2 45. R4xc2 bxc1=Q 46. Rxc1 h5 47. h4 Rb2+ 48. Kf3 Bb4 49. Rd1 Kg7 50. Kg2 Kf6 51. Kf3 Ke5 52. Rc1 Kd5 53. Rd1+ Bd2 54. Ra1 Ke6 55. Ra6+ Ke7 56. Ra7+ Kf8 57. Ra8+ Kg7 58.
Ra1 Bc3 59. Rd1 Bf6 60. Rc1 Ra2 61. Rd1 Ra1 62. Rd7 Bc3 63. Rd3 Ba5 64. Rd5 Kf6 65.
Rb5 Ke6 66. Rc5 Kd6 67. Rb5 Kc6 68. Rb2 Bb6 69. Rc2+ Kd6 70. Rb2 Bc7 71. Rb7 Ra5 72. Rb3 Rf5+ 73. Kg2 Kd5 74. Rb1 Ke4 75. Rb4+ Kd3 76. Rd4+ Ke2 77. f4 Bb6 78. Re4 Bxe3 79. Re7 Rf6 80. Re8 Rd6 81. Re7 f5 82. Re8 Rd1 83. Ra8 Rg1+ 84. Kh2 Kf3 85. Ra3 Rxg3 86. Ra2 Rg4 87. Kh1 Rxh4+ 88. Rh2 Rxh2+ 89. Kxh2 Bxf4+ 0-1